 Dungeon Crawl Stone Soup version 0.30.1 (webtiles) character file.

Game seed: 9949555599830578359

236 Pepete the Magician (level 6, -4/60 HPs)
             Began as a Djinni Fire Elementalist on July 11, 2023.
             Slain by a wight
             ... wielding a +0 halberd
              (10 damage)
             ... on level 3 of the Dungeon.
             The game lasted 00:03:50 (1835 turns).

Pepete the Magician (Djinni Fire Elementalist)      Turns: 1835, Time: 00:03:50

Health: -4/60      AC:  3    Str:  7    XL:     6   Next: 27%
Gold:   118        EV: 12    Int: 19    God:
                   SH:  0    Dex: 13

rFire   + + +        (no weapon)
rCold   x x .        (no shield)
rNeg    + . .        m - +0 robe {rN+}
rPois   ∞            e - +0 helmet
rElec   .            (no cloak)
rCorr   .            (no gloves)
SInv    .            (boots unavailable)
Will    .....        (no amulet) Stlth
                     h - ring of fire
HPRegen 0.30/turn    (no ring)
MPRegen 0.00/turn

%: infuse magic (-5 HP)
@: berserking, flying, very slightly contaminated, very quick
A: sickness immunity, fire resistance 2, cold vulnerability 1, float, innate
caster, HP casting, extra vitality 1
a: no special abilities


You were on level 3 of the Dungeon.
You visited 1 branch of the dungeon, and saw 3 of its levels.

You collected 118 gold pieces.

Inventory:

Armour
 a - a +0 robe
 e - a +0 helmet (worn)
 m - a +0 robe of positive energy (worn)
Jewellery
 h - a ring of fire (left hand)
Scrolls
 c - a scroll of blinking
 g - 2 scrolls of teleportation
 i - a scroll of amnesia {unknown}
 k - a scroll of enchant weapon {unknown}
 l - a scroll of poison {unknown}
 n - a scroll of noise {unknown}
Potions
 d - a potion of magic {unknown}
 f - a potion of invisibility {unknown}
 j - a potion of might {unknown}


   Skills:
 * Level 3.8 Armour
 - Level 2.1 Dodging
 - Level 1.5 Stealth
 * Level 4.0 Spellcasting


You knew the following spells:

 Your Spells              Type           Power      Damage    Failure   Level
a - Foxfire               Conj/Fire      100%       2x1d9     2%          1
b - Scorch                Fire           56%        2d7       4%          2
c - Volatile Blastmotes   Fire/Tloc      56%        2d14      8%          3
d - Inner Flame           Hex/Fire       28%        N/A       8%          3
e - Flame Wave            Conj/Fire      28%        2d9       26%         4
f - Kiss of Death         Conj/Necr      76%        2d11      2%          1
g - Passwall              Tmut/Erth      15%        N/A       4%          2
Your spell library was empty.

Dungeon Overview and Level Annotations

Branches:
Dungeon (3/15)

Altars:

Shops:
D:2 [   D:3 [


Innate Abilities, Weirdness & Mutations

You are immune to sickness and miasma.
You are immune to poison.
Your flesh is very heat resistant. (rF++)
You are vulnerable to cold. (rC-)
You float through the air rather than walking.
You learn spells naturally, not from books.
Your magical power is your life essence.
You have superior vitality. (+4 MHP)


Message History

Nothing appears to happen.
The foxfire hits the wight.
The wight is moderately damaged.
The foxfire hits the wight but does no damage.
The wight is moderately damaged.
You feel a surge of power!
You conjure some foxfire!
The wight closely misses you.
Casting: Foxfire (safe; 3% risk of failure)
Confirm with . or Enter, or press ? or * to list all spells.
You feel a surge of power!
Flames lash the wight.
The wight is heavily damaged.
The wight's fire resistance burns away.
The foxfire hits the wight.
The wight is moderately damaged.
The wight barely misses you.
The foxfire hits the wight.
The wight is moderately damaged.
Casting: Scorch (safe; 4% risk of failure)
Confirm with . or Enter, or press ? or * to list all spells.
You feel a surge of power!
Flames lash the wight.
The wight is burned terribly!
The wight is almost destroyed.
The wight barely misses you.
Unknown command.
Casting: Scorch (safe; 4% risk of failure)
Confirm with . or Enter, or press ? or * to list all spells.
You feel a surge of power!
Flames lash the wight.
The wight is burned terribly!
You destroy the wight!
The wight hits you from afar with a +0 halberd.
Your Spellcasting skill increases to level 4!
You have reached level 6!
Casting: Scorch (safe; 4% risk of failure)
Confirm with . or Enter, or press ? or * to list all spells.
You feel a surge of power!
Flames lash the wight.
The wight is severely damaged.
The wight's fire resistance burns away.
* * * LOW HITPOINT WARNING * * *
The wight hits you from afar with a +0 halberd!
* * * LOW HITPOINT WARNING * * *
It was a potion of berserk rage.
A red film seems to cover your vision as you go berserk!
You feel yourself moving faster!
You feel mighty!
The wight hits you from afar with a +0 halberd!
You die...

#.....#.#
#####...###.#####
#................
#.∩.........####.
####.......##.....#.
#####...................
........######.....#..#.
........# .....#..#....
.......@#...............
#.....#)).......#....#.#
#.#####.#z......<..#.#..
# #.................
###§...#######.#. .....
.... ....


You could see a wight (combustible).

Vanquished Creatures
  3 wights (D:3)
  Jessica (D:2)
  An adder (D:3)
  2 dart slugs
  2 endoplasms (D:3)
  A giant cockroach (D:2)
  5 goblins
  5 hobgoblins
  4 jackals (D:1)
  4 kobolds
  2 quokkas (D:2)
  6 ball pythons
  4 bats
  2 frilled lizards (D:1)
  4 rats
46 creatures vanquished.

Vanquished Creatures (collateral kills)
  A foxfire (D:2)
1 creature vanquished.

Vanquished Creatures (others)
  142 foxfires
142 creatures vanquished.

Grand Total: 189 creatures vanquished

Notes
Turn   | Place    | Note
-------+----------+-------------------------------------------
     0 | D:1      | Pepete the Djinni Fire Elementalist began the quest for the
                  | Orb.
     0 | D:1      | Pepete set off with the following spells memorised:
                  | Foxfire, Scorch, Volatile Blastmotes, Inner Flame, Flame
                  | Wave.
     0 | D:1      | Reached XP level 1. HP: 15/15 MP: 0/0
   182 | D:1      | Reached XP level 2. HP: 21/21 MP: 0/0
   205 | D:1      | Reached skill level 1 in Armour
   534 | D:1      | Reached XP level 3. HP: 25/25 MP: 0/0
   534 | D:1      | Learned a level 1 spell: Kiss of Death
   959 | D:2      | Found Afinuepy's Antique Armour Shop.
  1119 | D:2      | Reached skill level 3 in Spellcasting
  1552 | D:2      | Noticed Jessica
  1555 | D:2      | Killed Jessica
  1556 | D:2      | Reached XP level 4. HP: 28/31 MP: 0/0
  1802 | D:3      | Found Paun Huimu's Antique Armour Emporium.
  1815 | D:3      | Noticed a wight
  1815 | D:3      | Noticed a wight
  1822 | D:3      | Killed a wight
  1823 | D:3      | Reached XP level 5. HP: 28/35 MP: 0/0
  1823 | D:3      | Learned a level 2 spell: Passwall
  1834 | D:3      | Reached skill level 4 in Spellcasting
  1834 | D:3      | Reached XP level 6. HP: 12/40 MP: 0/0
  1835 | D:3      | Slain by a wight

Illustrated notes

Levels and vault maps discovered:
D:1:      nzn_arrival_settlement, layout_loops_ring
D:2:      wad_pebble_path, layout_basic, serial_curves, eino_curves_04,
          eino_curves_04, serial_shops, nicolae_shop_back_alley_shop,
          minmay_misc_feat_plants, uniq_jessica
D:3:      layout_basic, nemelex_dance_club_becter,
          mainiacjoe_overflow_tiny_flanked, lemuel_coloured_pillars_altar,
          serial_shops, shop, serial_corexii_hall, corexii_hall_statues_x,
          corexii_hall_statues_s, nicolae_grassy_gnolls

Skill      XL: |  1  2  3  4  5 |
---------------+----------------+-----
Armour         | 1 2 3 |  3.8
Spellcasting   | 3 4 |  4.0
Dodging        | |  2.1
Stealth        | |  1.5

Action                     |  1- 3 |  4- 6 || total
---------------------------+-------+-------++-------
   Cast: Foxfire           |    74 |    19 ||    93
         Scorch            |    11 |     6 ||    17
    Use: Scroll            |     2 |       ||     2
         Potion            |       |     1 ||     1
 Armour: Robe              |       |     1 ||     1
  Dodge: Dodged            |    11 |     3 ||    14
